 Dungeon Crawl Stone Soup version 0.26-a0-30-g56b8cd3df0 (webtiles) character file.

Game seed: 3839684255038381320, levelgen mode: deterministic

11097 MisterFreud the Cleaver (level 12, 0/89 HPs)
             Began as a Formicid Abyssal Knight on May 28, 2020.
             Was a High Priest of Lugonu.
             Slain by a wyvern (8 damage)
             ... on level 10 of the Dungeon.
             The game lasted 00:18:58 (11084 turns).

MisterFreud the Cleaver (Formicid Abyssal Knight)  Turns: 11084, Time: 00:18:58

Health: 0/89       AC: 17    Str: 22    XL:     12   Next: 3%
Magic:  11/17      EV:  4    Int: 12    God:    Lugonu [*****.]
Gold:   612        SH: 17    Dex: 10    Spells: 11/11 levels left

rFire    . . .     SeeInvis +   g - +0 battleaxe
rCold    . . .     Gourm    .   e - +0 tower shield
rNeg     . . .     Faith    .   k - +0 plate armour
rPois    +         Spirit   .   (helmet unavailable)
rElec    .         Reflect  .   A - +0 cloak
rCorr    .         Harm     .   (no gloves)
MR       +....                  L - +0 pair of boots (curse)
Stlth    ..........             E - amulet of the acrobat
HPRegen  0.24/turn              z - ring of poison resistance
MPRegen  0.15/turn              x - +4 ring of protection

@: no status effects
A: permanent stasis, dig shafts and tunnels, four strong arms, antennae 3
a: Dig, Shaft Self, Depart the Abyss, Bend Space, Banish, Corrupt, Enter the
Abyss, Renounce Religion


You were on level 10 of the Dungeon.
You worshipped Lugonu.
Lugonu was extremely pleased with you.
You were not hungry.

You visited 1 branch of the dungeon, and saw 10 of its levels.
You visited the Abyss 1 time.

You collected 612 gold pieces.

Inventory:

Hand Weapons
 g - a +0 battleaxe (weapon)
 Q - a +0 hand axe of freezing
Missiles
 a - a throwing net
 i - 77 bolts
 j - 32 poisoned darts (quivered)
 l - 6 atropa-tipped darts
 n - 74 sling bullets
 o - 2 datura-tipped darts
 q - 145 arrows
 u - 331 stones
 H - 15 boomerangs
Armour
 e - a +0 tower shield (worn)
 k - a +0 plate armour (worn)
 A - a +0 cloak (worn)
 F - a +1 scale mail of cold resistance
 L - a cursed +0 pair of boots (worn)
Jewellery
 h - a +6 ring of strength
 x - a +4 ring of protection (right hand)
 z - a ring of poison resistance (left hand)
 E - an amulet of the acrobat (around neck)
 G - an uncursed ring of resist corrosion {unknown}
 M - an uncursed ring of resist corrosion {unknown}
 N - a +4 ring of slaying {unknown}
Wands
 I - a wand of flame (19)
 O - a wand of digging (5)
 T - a wand of polymorph (9)
 U - a wand of paralysis (5)
Scrolls
 b - a scroll of enchant weapon {unknown}
 d - 4 scrolls of teleportation {unknown}
 f - 2 scrolls of enchant armour {unknown}
 s - 3 scrolls of remove curse
 v - 4 scrolls of amnesia {unknown}
 w - 2 scrolls of fear {unknown}
 y - 2 scrolls of blinking {unknown}
 B - a scroll of random uselessness {unknown}
 K - 2 scrolls of magic mapping {unknown}
 R - a scroll of immolation {unknown}
 V - a scroll of brand weapon {unknown}
 W - a scroll of vulnerability {unknown}
Potions
 m - 3 potions of brilliance
 p - a potion of stabbing
 r - a potion of ambrosia
 C - 2 potions of might
 D - 2 potions of curing
 J - 2 potions of flight
 P - a potion of lignification {unknown}
 S - a potion of invisibility
Comestibles
 c - 26 rations
 t - 2 chunks of flesh


   Skills:
 + Level 6.6 Fighting
 - Level 14.0 Axes
 - Level 2.1 Armour
 - Level 0.8 Dodging
 - Level 10.0 Shields
 + Level 6.7 Invocations


You had 11 spell levels left.
You didn't know any spells.
Your spell library contained the following spells:

 Spells                   Type           Power        Failure   Level  Hunger
 Corona                   Hex            #......      100%        1    ##.....
 Freeze                   Ice            #...         100%        1    ##.....
 Infusion                 Chrm           #...         100%        1    ##.....
 Ensorcelled Hibernation  Hex/Ice        #.....       100%        2    ###....
 Shroud of Golubria       Chrm/Tloc      #.....       100%        2    ###....
 Song of Slaying          Chrm           #.......     100%        2    ###....
 Confusing Touch          Hex            #.......     100%        3    ####...
 Dazzling Flash           Conj/Hex       #.....       100%        3    ####...
 Frozen Ramparts          Ice            #.....       100%        3    ####...
 Ozocubu's Armour         Chrm/Ice       #.......     100%        3    ####...
 Spectral Weapon          Hex/Chrm       #.......     100%        3    ####...
 Tukima's Dance           Hex            #.......     100%        3    ####...
 Hailstorm                Conj/Ice       #.......     100%        4    #####..
 Summon Ice Beast         Ice/Summ       #.......     100%        4    #####..


Dungeon Overview and Level Annotations

Branches:
Dungeon (10/15)            Temple (0/1) D:5            Lair (0/6) D:8
    Orc: D:9-12

Altars:
Elyvilon
Hepliaklqana
Okawaru
Sif Muna
Trog
Uskayaw
Vehumet
Xom
Yredelemnul


Innate Abilities, Weirdness & Mutations

You cannot be hasted, slowed, berserked, paralysed or teleported.
You can dig through walls and to a lower floor.
Your four strong arms can wield two-handed weapons with a shield.
You have a pair of large antennae on your head. (SInv)


Message History

Lugonu claims a new guest.
You have reached level 12!
Your experience leads to an increase in your attributes!
Increase (S)trength, (I)ntelligence, or (D)exterity?
You feel stronger. x2
You feel somewhat more hungry. You block the wyvern's attack.
The shadow hits you.
Unknown command.
You block the wyvern's attack.
The shadow slips into darkness.
The shadow flickers and vanishes for a moment.
The wyvern misses you.
Your plate armour prevents you from hitting the wyvern.
The wyvern is severely wounded.
You block the wyvern's attack. The wyvern bites you!
* * * LOW HITPOINT WARNING * * *
You barely miss the wyvern.
The wyvern is severely wounded.
You closely miss the shadow. The wyvern bites you!
You die...

## .# .. ##.## #. #..
#.# #.##.# #.. # #..#.#
#..### ### #.
#...###....###.§##
#.####......[...#.§..##
#.......##......#.....#
#..<###÷##......@W.#
..#.#...........#l.#
...........#....#(.#
.#####..#..#...##)†.#
#.......###....?:(
##......# ....##(#..
##.....#.#...### .#
##........#... .
...........##.. #


You could see a wyvern and a shadow (invisible).

Vanquished Creatures
  Harold (D:7)
  A queen ant (D:8)
  Joseph (D:8)
  A hornet (D:6)
  Grinder (D:3)
  2 hippogriffs
  11 yaks (D:9)
  20 soldier ants
  3 orc warriors
  3 sky beasts
  An ice beast (D:7)
  2 black bears (D:6)
  3 phantoms
  2 necrophages
  6 ogres
  2 centaurs
  4 bullfrogs
  A scorpion (D:7)
  A water moccasin skeleton (D:6)
  A wight (D:10)
  3 howler monkeys
  A crimson imp (D:7)
  A centaur zombie (D:6)
  A quasit (D:9)
  2 hounds
  4 jellies
  A bullfrog skeleton (D:10)
  5 orc priests
  6 orc wizards
  Jessica (D:8)
  2 centaur skeletons
  29 worker ants
  4 iguanas
  2 hound skeletons
  Robin (D:2)
  3 worker ant zombies
  6 gnolls
  8 adders
  2 shadow imps
  5 oozes
  An adder skeleton (D:4)
  6 worms
  2 dart slugs
  5 leopard geckos
  22 orcs
  5 giant cockroaches
  11 goblins
  12 hobgoblins
  4 jackals (D:6)
  14 kobolds
  8 quokkas
  A ball python skeleton (D:5)
  5 bats
  6 frilled lizards
  A jackal zombie (D:7)
  A leopard gecko zombie (D:7)
  A quokka skeleton (D:7)
  A quokka zombie (D:8)
  8 rats
  A spectral orc (D:6)
269 creatures vanquished.

Vanquished Creatures (others)
  A centaur warrior (D:10)
  A two-headed ogre (D:4)
2 creatures vanquished.

Grand Total: 271 creatures vanquished

Notes
Turn   | Place    | Note
-------+----------+-------------------------------------------
     0 | Abyss:1  | MisterFreud the Formicid Abyssal Knight began the quest for
                  | the Orb.
     0 | Abyss:1  | Reached XP level 1. HP: 18/18 MP: 2/2
    50 | Abyss:1  | Noticed a small abomination
    54 | D:1      | Escaped the Abyss
   297 | D:1      | Reached XP level 2. HP: 23/25 MP: 3/3
   575 | D:1      | Reached * piety under Lugonu
   580 | D:1      | Reached XP level 3. HP: 30/31 MP: 4/4
   755 | D:2      | Found a faded altar of an unknown god.
   757 | D:2      | Identified the +0 helmet of Hopscotch {rC- Regen+ Str-5
                  | Slay+6}
   757 | D:2      | Noticed Robin
  1186 | D:1      | Reached skill level 5 in Fighting
  1250 | D:1      | Reached XP level 4. HP: 39/39 MP: 5/5
  1273 | D:2      | Killed Robin
  1524 | D:2      | HP: 2/40 [poisoned by a gnoll]
  1829 | D:2      | Found a shimmering altar of Xom.
  2042 | D:2      | Reached XP level 5. HP: 46/46 MP: 6/6
  2117 | D:2      | Reached ** piety under Lugonu
  2546 | D:3      | You fall into a shaft and drop 1 floor!
  2558 | D:4      | Reached skill level 3 in Axes
  2825 | D:3      | Noticed Grinder
  2845 | D:3      | Reached XP level 6. HP: 52/52 MP: 7/7
  2887 | D:3      | Killed Grinder
  2887 | D:3      | Reached skill level 5 in Axes
  2887 | D:3      | Reached XP level 7. HP: 13/58 MP: 8/8
  3780 | D:4      | Reached *** piety under Lugonu
  3805 | D:4      | HP: 2/58 [ogre/+0 giant club (14)]
  3806 | D:4      | Reached skill level 6 in Axes
  4232 | D:4      | Reached XP level 8. HP: 43/64 MP: 9/9
  4414 | D:4      | Reached skill level 5 in Shields
  4603 | D:4      | Noticed a two-headed ogre
  4610 | D:4      | Banished a two-headed ogre
  4825 | D:4      | Found an iron altar of Okawaru.
  4908 | D:5      | Entered Level 5 of the Dungeon
  5121 | D:5      | Reached XP level 9. HP: 61/69 MP: 11/11
  5176 | D:5      | Found a staircase to the Ecumenical Temple.
  5955 | D:6      | Reached skill level 5 in Invocations
  5996 | D:6      | Reached **** piety under Lugonu
  6232 | D:6      | Noticed a gargoyle
  6673 | D:6      | Found a bloodstained altar of Trog.
  6747 | D:6      | Found a basalt altar of Yredelemnul.
  6838 | D:6      | Found a white marble altar of Elyvilon.
  7095 | D:6      | Found a hazy altar of Hepliaklqana.
  7139 | D:6      | Reached skill level 10 in Shields
  7185 | D:6      | Found a radiant altar of Vehumet.
  7191 | D:6      | Noticed a hornet
  7212 | D:6      | Killed a hornet
  7212 | D:6      | Reached skill level 7 in Axes
  7586 | D:7      | Reached XP level 10. HP: 76/76 MP: 14/14
  7606 | D:7      | Noticed Harold
  7707 | D:7      | Found a hide-covered altar of Uskayaw.
  7798 | D:7      | Reached skill level 8 in Axes
  7970 | D:7      | Reached skill level 9 in Axes
  8151 | D:7      | Killed Harold
  8151 | D:7      | Reached skill level 10 in Axes
  8366 | D:8      | Noticed a queen ant
  8397 | D:8      | Killed a queen ant
  8397 | D:8      | Reached skill level 11 in Axes
  8408 | D:8      | Reached XP level 11. HP: 50/81 MP: 15/15
  8683 | D:8      | Reached skill level 12 in Axes
  8757 | D:8      | Reached ***** piety under Lugonu
  9368 | D:8      | Noticed Joseph
  9384 | D:8      | Killed Joseph
  9384 | D:8      | Reached skill level 13 in Axes
  9610 | D:8      | Found a staircase to the Lair.
  9761 | D:8      | Noticed Jessica
  9771 | D:8      | Killed Jessica
  9784 | D:8      | Found a shimmering blue altar of Sif Muna.
  9948 | D:9      | Found an iron altar of Okawaru.
 10341 | D:9      | HP: 4/81 [yak (5)]
 10631 | D:9      | Reached skill level 14 in Axes
 10969 | D:10     | Entered Level 10 of the Dungeon
 11075 | D:10     | Noticed a centaur warrior
 11080 | D:10     | Banished a centaur warrior
 11080 | D:10     | Reached XP level 12. HP: 20/89 MP: 15/17
 11084 | D:10     | Slain by a wyvern

Illustrated notes

Levels and vault maps discovered:
D:1:      giann_horns, layout_loops_ring
D:2:      minmay_inner_zag, layout_rooms, chequers_ecumenical_altar_simple,
          tgw_xom, uniq_robin
D:3:      layout_basic, first_ration, uniq_grinder
D:4:      layout_cave_pools, lemuel_round_altar, minmay_increasing_density
D:5:      layout_rooms, minmay_temple_entry_slanted, kennysheep_generic_room_3
D:6:      layout_gridville, lemuel_coloured_pillars_altar, trog_ov_bears_minmay,
          old_standard_altar, yredelemnul_forgotten_temple_becter,
          overflow_temple_1_default, lightli_corner_chamber
D:7:      layout_rooms, eat_drink_and_be_merry_uskayaw, grunt_ogre_cave,
          moated_statue, uniq_harold
D:8:      layout_loops_ring, tgw_sif, lair_entry_dummy, minivault_29,
          uniq_joseph
D:9:      layout_cave_pools, serial_column_ruins, column_ruins_circle_large,
          column_ruins_temple_circle, column_ruins_grid_1, column_ruins_grid_3,
          column_ruins_columns_corner, column_ruins_open_tiny,
          column_ruins_open_medium, column_ruins_open_small,
          column_ruins_open_small
D:10:     minmay_curly_fans, layout_rooms, st_stairs_2,
          chequers_decorated_corner

Skill      XL: |  1  2  3  4  5  6  7  8  9 10 11 |
---------------+----------------------------------+-----
Fighting       | 4 5 6 |  6.6
Axes           | 3 5 6 7 11 14 | 14.0
Shields        | 4 8 10 | 10.0
Invocations    | 3 6 |  6.7
Armour         | |  2.1
Dodging        | |  0.8

Action                   |  1- 3 |  4- 6 |  7- 9 | 10-12 || total
-------------------------+-------+-------+-------+-------++-------
Melee: Hand axe          |   124 |   188 |   405 |       ||   717
       Battleaxe         |       |       |    64 |   574 ||   638
Throw: Dart              |       |       |       |     3 ||     3
       Boomerang         |       |       |       |     2 ||     2
Invok: Depart the Abyss  |     1 |       |       |       ||     1
       Banish            |       |       |     1 |     1 ||     2
 Abil: Dig               |       |     1 |       |       ||     1
  Use: Scroll            |       |       |     7 |     4 ||    11
       Potion            |       |       |       |     2 ||     2
  Eat: Chunk             |     1 |     6 |    14 |    11 ||    32
       Ration            |       |       |       |     1 ||     1
Armor: Leather armour    |     4 |       |       |       ||     4
       Plate armour      |    93 |   139 |   190 |   215 ||   637
Dodge: Dodged            |    58 |    53 |    80 |    63 ||   254
Block: Tower shield      |       |       |   350 |   448 ||   798

Table legend:
 A = Non-vault XP
 B = Vault XP
 C = Vault XP percentage of total XP
 D = Non-vault monster count
 E = Vault monster count
 F = Vault count percentage of total count
                 A         B        C        D         E       F
            +---------+---------+-------+---------+---------+-------
      Total |    7506 |    8348 |  52.7 |     188 |      83 |  30.6
            +---------+---------+-------+---------+---------+-------
        D:1 |      39 |      21 |  35.0 |      16 |      11 |  40.7
        D:2 |      25 |      78 |  75.7 |      13 |      14 |  51.9
        D:3 |     167 |     281 |  62.7 |      35 |       1 |   2.8
        D:4 |     506 |     603 |  54.4 |      20 |       5 |  20.0
        D:5 |     552 |     125 |  18.5 |      16 |       1 |   5.9
        D:6 |    1278 |     251 |  16.4 |      30 |       3 |   9.1
        D:7 |    1086 |    1262 |  53.7 |      17 |       3 |  15.0
        D:8 |     336 |    5000 |  93.7 |       7 |      42 |  85.7
        D:9 |    3243 |       0 |   0.0 |      29 |       0 |   0.0
       D:10 |     274 |     727 |  72.6 |       5 |       3 |  37.5
            +---------+---------+-------+---------+---------+-------
